AoeStats
← pcreek

Arena

510280218Analyzed
1v1 RM · 2d ago on Sep 30, 2026· 31m 21s· 2 players
Game mode
Random Map
Map size
Tiny (2 player)
Population
200
Speed
Normal
Resources
Standard
Victory
Conquest
Starting age
Dark Age
Ending age
Imperial Age
RankedLock teamsTeams togetherTeam positionsShared explorationLock speedFull tech treeHidden civsTurbo modeCheats
Victory
Defeat
🇬🇧 Portuguese · United Kingdom
469
+5
🇫🇷 Spanish · France
164
-5
Valahryan
0:28 Loom
16:39 Feudal Age
17:10 Horse Collar
17:17 Double-Bit Axe
17:34 Gold Mining
19:00 Stone Mining
24:10 Wheelbarrow
27:44 Castle Age
26:03 Arson
26:12 Man-at-Arms
28:36 Heavy Plow
29:50 Hand Cart
pcreek
4:12 Loom
10:44 Feudal Age
11:18 Horse Collar
11:27 Double-Bit Axe
19:26 Castle Age
17:43 Fletching
19:23 Man-at-Arms
20:17 Long Swordsman
20:57 Stone Mining
30:31 Imperial Age
Connection lost

Rejoining the realm…

Still unreachable

The connection could not be restored.

Session expired

The server has moved on; the page needs a fresh start.